 Dungeon Crawl Stone Soup version 0.29.1-15-g9cfb28693d (webtiles) character file.

Game seed: 11000136506844073033

102 dudediamond6 the Destroyer (level 4, -1/32 HPs)
             Began as a Gnoll Wanderer on Mar 3, 2023.
             Slain by a water moccasin (5 damage)
             ... on level 4 of the Dungeon.
             The game lasted 00:04:45 (3799 turns).

dudediamond6 the Destroyer (Gnoll Wanderer)         Turns: 3799, Time: 00:04:46

Health: -1/32      AC:  4    Str: 13    XL:     4   Next: 78%
Magic:  1/11       EV: 11    Int: 13    God:
Gold:   102        SH:  4    Dex: 10    Spells: 10/13 levels left

rFire   . . .      SeeInvis .   a - +0 spear
rCold   . . .      Faith    .   b - +0 buckler
rNeg    . . .      Spirit   .   d - +0 leather armour
rPois   +          Reflect  .   (no helmet)
rElec   .          Harm     .   (no cloak)
rCorr   .          Rampage  .   (no gloves)
Will    .....                   r - +0 pair of boots
Stlth   +.........              (no amulet)
HPRegen 0.10/turn               s - ring of poison resistance
MPRegen 0.12/turn               (no ring)

@: no status effects
A: fangs 1, strong nose, distributed training
a: no special abilities


You were on level 4 of the Dungeon.
You visited 1 branch of the dungeon, and saw 4 of its levels.

You collected 102 gold pieces.

Inventory:

Hand Weapons
 a - a +0 spear (weapon)
Armour
 b - a +0 buckler (worn)
 d - a +0 leather armour (worn)
 r - a +0 pair of boots (worn)
 u - a +0 chain mail
Jewellery
 s - a ring of poison resistance (left hand)
Scrolls
 e - a scroll of silence {unknown}
 f - 2 scrolls of enchant armour {unknown}
 g - 2 scrolls of noise
 i - a scroll of teleportation {unknown}
 k - 3 scrolls of identify {unknown}
 l - 2 scrolls of fear {unknown}
 n - a scroll of magic mapping {unknown}
 q - a scroll of immolation {unknown}
 w - a scroll of poison {unknown}
 x - a scroll of blinking {unknown}
Potions
 h - 2 potions of heal wounds {unknown}
 j - 2 potions of ambrosia {unknown}
 m - 2 potions of degeneration {unknown}
 o - a potion of magic {unknown}
 p - 3 potions of cancellation {unknown}
 t - a potion of haste {unknown}
 v - a potion of attraction {unknown}
 z - a potion of brilliance {unknown}
 A - a potion of flight {unknown}


   Skills:
 + Level 1.3 Fighting
 + Level 1.3 Short Blades
 + Level 1.3 Long Blades
 + Level 1.3 Axes
 + Level 1.3 Maces & Flails
 + Level 2.8 Polearms
 + Level 1.3 Staves
 + Level 1.3 Ranged Weapons
 + Level 1.3 Throwing
 + Level 1.3 Armour
 + Level 1.3 Dodging
 + Level 1.3 Stealth
 + Level 2.8 Shields
 + Level 1.3 Unarmed Combat
 + Level 5.1 Spellcasting
 + Level 8.8 Conjurations
 + Level 1.0 Hexes
 + Level 1.0 Summonings
 + Level 1.0 Necromancy
 + Level 1.0 Translocations
 + Level 1.0 Transmutations
 + Level 1.0 Fire Magic
 + Level 1.0 Ice Magic
 + Level 1.0 Air Magic
 + Level 1.0 Earth Magic
 + Level 1.0 Poison Magic
 + Level 1.4 Invocations
 + Level 2.8 Evocations


You had 10 spell levels left.
You knew the following spells:

 Your Spells              Type           Power      Damage    Failure   Level
a - Foxfire               Conj/Fire      64%        2x1d7     4%          1
b - Searing Ray           Conj           52%        2d6       1%          2

Your spell library contained the following spells:

 Spells                   Type           Power      Damage    Failure   Level
 Iskenderun's Mystic Bla  Conj/Tloc      16%        2d5       36%         4


Dungeon Overview and Level Annotations

Branches:
Dungeon (4/15)
 Temple: D:4-7

Altars:
Elyvilon
Uskayaw
Zin
The Shining One


Innate Abilities, Weirdness & Mutations

You have very sharp teeth.
Your uncanny sense of smell can sniff out nearby items.
Your experience applies equally to all skills.


Message History

(Press . to maintain the ray.)
The water moccasin bites you.
The searing ray hits the water moccasin.
The water moccasin is heavily wounded.
The water moccasin barely misses you. x2
The searing ray misses the water moccasin.
The water moccasin barely misses you.
The searing ray hits the water moccasin.
The water moccasin is severely wounded.
You finish channelling your searing ray.
The water moccasin bites you. The water moccasin barely misses you.
The water moccasin closely misses you.
Casting: Searing Ray (safe; 1% risk of failure)
Confirm with . or Enter, or press ? or * to list all spells.
Aiming: Searing Ray (safe; 1% risk of failure)
Press: ? - help, Shift-Dir - straight line, f/p - water moccasin
Aim: a water moccasin (heavily wounded, 66% to hit)
The searing ray misses the water moccasin. (Press . to maintain the ray.)
The water moccasin bites you.
The searing ray hits the water moccasin!
The water moccasin is almost dead.
The water moccasin barely misses you. x2
The searing ray misses the water moccasin.
The water moccasin bites you.
Without enough magic to sustain it, your searing ray dissipates.
The water moccasin bites you. The water moccasin misses you.
The water moccasin bites you.
* * * LOW HITPOINT WARNING * * *
Casting: Searing Ray (safe; 1% risk of failure)
Confirm with . or Enter, or press ? or * to list all spells.
You don't have enough magic to cast this spell.
Unknown command.
As you read the scroll of fog, it crumbles to dust.
The scroll dissolves into smoke.
The water moccasin bites you.
* * * LOW HITPOINT WARNING * * *
Unknown command.
The water moccasin attacks as you move away!
The water moccasin bites you.
You die...

#...# #..# ###
##...###..###..
#.....##......
#..##.......#
#..###......##
##.###.......#
##....§§##...
######§# .. #@#
. #S# §§# ∆
..## ..# ..#
... ...


You could see a water moccasin.

Vanquished Creatures
  3 adders (D:3)
  4 worms
  2 dart slugs
  4 endoplasms
  4 giant cockroaches
  9 goblins
  4 hobgoblins (D:2)
  3 jackals (D:3)
  A quokka (D:1)
  5 ball pythons
  8 bats
  2 frilled lizards
  3 kobolds
  6 rats
58 creatures vanquished.

Vanquished Creatures (others)
  164 foxfires
164 creatures vanquished.

Grand Total: 222 creatures vanquished

Notes
Turn   | Place    | Note
-------+----------+-------------------------------------------
     0 | D:1      | dudediamond6 the Gnoll Wanderer began the quest for the
                  | Orb.
     0 | D:1      | dudediamond6 set off with the following items: a +0 spear,
                  | a +0 buckler, a scroll of fog, a +0 leather armour; and the
                  | following spell memorised: Foxfire; and the following
                  | spells available to memorise: Searing Ray, Iskenderun's
                  | Mystic Blast.
     0 | D:1      | Reached XP level 1. HP: 13/13 MP: 6/6
   329 | D:1      | Reached XP level 2. HP: 19/19 MP: 3/7
   371 | D:1      | Learned a level 2 spell: Searing Ray
  1207 | D:2      | Found a faded altar of an unknown god.
  1207 | D:2      | Noticed a floating eye
  1210 | D:2      | Noticed a great orb of eyes
  1210 | D:2      | Noticed an eye of devastation
  1210 | D:2      | Noticed a floating eye
  1267 | D:2      | Reached skill level 5 in Spellcasting
  1267 | D:2      | Reached XP level 3. HP: 20/25 MP: 0/9
  1660 | D:2      | Reached skill level 1 in Invocations
  2020 | D:2      | Reached skill level 1 in Fighting
  2020 | D:2      | Reached skill level 1 in Short Blades
  2020 | D:2      | Reached skill level 1 in Long Blades
  2020 | D:2      | Reached skill level 1 in Axes
  2020 | D:2      | Reached skill level 1 in Maces & Flails
  2020 | D:2      | Reached skill level 1 in Staves
  2020 | D:2      | Reached skill level 1 in Ranged Weapons
  2020 | D:2      | Reached skill level 1 in Throwing
  2020 | D:2      | Reached skill level 1 in Armour
  2020 | D:2      | Reached skill level 1 in Dodging
  2020 | D:2      | Reached skill level 1 in Stealth
  2020 | D:2      | Reached skill level 1 in Unarmed Combat
  2079 | D:2      | Found a hide-covered altar of Uskayaw.
  2566 | D:3      | Reached XP level 4. HP: 32/32 MP: 6/11
  2962 | D:3      | Reached skill level 1 in Hexes
  2962 | D:3      | Reached skill level 1 in Summonings
  2962 | D:3      | Reached skill level 1 in Necromancy
  2962 | D:3      | Reached skill level 1 in Translocations
  2962 | D:3      | Reached skill level 1 in Transmutations
  2962 | D:3      | Reached skill level 1 in Fire Magic
  2962 | D:3      | Reached skill level 1 in Ice Magic
  2962 | D:3      | Reached skill level 1 in Air Magic
  2962 | D:3      | Reached skill level 1 in Earth Magic
  2962 | D:3      | Reached skill level 1 in Poison Magic
  3153 | D:3      | Found a glowing golden altar of the Shining One.
  3156 | D:3      | Found a white marble altar of Elyvilon.
  3157 | D:3      | Found a glowing silver altar of Zin.
  3781 | D:4      | Noticed a water moccasin
  3799 | D:4      | Slain by a water moccasin

Illustrated notes

Levels and vault maps discovered:
D:1:      lightli_arrival_noodles, layout_basic
D:2:      layout_loops_cross, hellmonk_ecumenical_altar_watching_god,
          basic_altar
D:3:      layout_basic, good_gods_temple_1
D:4:      layout_layer_cave, old_standard_altar, mainiacjoe_overflow_chevrons

Skill      XL: |  1  2  3  4 |
---------------+-------------+-----
Spellcasting   | 5 |  5.1
Invocations    | 1 |  1.4
Fighting       | 1 |  1.3
Short Blades   | 1 |  1.3
Long Blades    | 1 |  1.3
Axes           | 1 |  1.3
Maces & Flails | 1 |  1.3
Staves         | 1 |  1.3
Ranged Weapons | 1 |  1.3
Throwing       | 1 |  1.3
Armour         | 1 |  1.3
Dodging        | 1 |  1.3
Stealth        | 1 |  1.3
Unarmed Combat | 1 |  1.3
Hexes          | 1 |  1.0
Summonings     | 1 |  1.0
Necromancy     | 1 |  1.0
Translocations | 1 |  1.0
Transmutations | 1 |  1.0
Fire Magic     | 1 |  1.0
Ice Magic      | 1 |  1.0
Air Magic      | 1 |  1.0
Earth Magic    | 1 |  1.0
Poison Magic   | 1 |  1.0
Polearms       | |  2.8
Shields        | |  2.8
Conjurations   | |  8.8
Evocations     | |  2.8

Action                   |  1- 3 |  4- 6 || total
-------------------------+-------+-------++-------
Melee: Spear             |    34 |    11 ||    45
       Bite              |     4 |     1 ||     5
 Cast: Foxfire           |    78 |    23 ||   101
       Searing Ray       |     4 |     4 ||     8
  Use: Scroll            |     1 |     1 ||     2
Armor: Leather armour    |    14 |     7 ||    21
Dodge: Dodged            |    14 |    17 ||    31
Block: Buckler           |     4 |     1 ||     5
